 Dungeon Crawl Stone Soup version 0.29.1-12-g30fa7ad0bf (webtiles) character file.

Game seed: 10843239994209401848

441 fantasyman the Covered (level 7, -2/54 HPs)
             Began as a Formicid Fighter on Jan 9, 2023.
             Was an Initiate of Okawaru.
             Slain by a gnoll bouda
             ... wielding a +0 whip
              (7 damage)
             ... on level 5 of the Dungeon.
             The game lasted 00:05:02 (5176 turns).

fantasyman the Covered (Formicid Fighter)           Turns: 5176, Time: 00:05:04

Health: -2/54      AC:  8    Str: 23      XL:     7   Next: 22%
Magic:  7/7        EV:  9    Int:  5 (7)  God:    Okawaru [......]
Gold:   268        SH:  5    Dex: 13      Spells: 6/6 levels left

rFire   . . .      SeeInvis +   a - +0 long sword
rCold   . . .      Faith    .   c - +0 buckler
rNeg    . . .      Spirit   .   b - +0 scale mail
rPois   .          Reflect  .   (helmet unavailable)
rElec   .          Harm     .   (no cloak)
rCorr   .          Rampage  .   g - +0 pair of gloves
Will    .....                   (no boots)
Stlth   ..........              (no amulet)
HPRegen 0.18/turn               (no ring)
MPRegen 0.10/turn               (no ring)

@: no status effects
A: permanent stasis, dig shafts and tunnels, antennae 3, four strong arms,
hooves 1
a: Dig, Shaft Self, Renounce Religion


You were on level 5 of the Dungeon.
You worshipped Okawaru.
Okawaru was noncommittal.
You visited 2 branches of the dungeon, and saw 6 of its levels.

You collected 268 gold pieces.

Inventory:

Hand Weapons
 a - a +0 long sword (weapon)
Armour
 b - a +0 scale mail (worn)
 c - a +0 buckler (worn)
 g - a +0 pair of gloves (worn)
Wands
 q - a wand of mindburst (15)
 s - a wand of flame (28)
Scrolls
 f - 2 scrolls of enchant armour {unknown}
 h - 2 scrolls of enchant weapon {unknown}
 i - 4 scrolls of identify {unknown}
 j - a scroll of amnesia {unknown}
 k - 5 scrolls of teleportation {unknown}
 l - a scroll of poison {unknown}
 m - a scroll of torment {unknown}
 o - a scroll of fear
 p - a scroll of magic mapping {unknown}
 t - a scroll of brand weapon {unknown}
 u - a scroll of immolation {unknown}
Potions
 d - a potion of might
 e - 3 potions of curing
 n - a potion of flight {unknown}
 r - a potion of heal wounds {unknown}


   Skills:
 * Level 4.1 Fighting
 * Level 4.5 Long Blades
 * Level 5.7 Armour
 * Level 5.4 Shields
 * Level 0.3 Invocations


You had 6 spell levels left.
You didn't know any spells.
Your spell library contained the following spells:

 Spells                   Type           Power      Damage    Failure   Level
 Slow                     Hex            0%         N/A       83%         1
 Sting                    Tmut/Pois      0%         1d3       83%         1
 Poisonous Vapours        Pois/Air       0%         N/A       93%         2
 Confusing Touch          Hex            0%         N/A       99%         3
 Ozocubu's Armour         Ice            0%         N/A       99%         3
 Vampiric Draining        Necr           0%         2d6       99%         3
 Olgreb's Toxic Radiance  Pois           0%         N/A       100%        4
 Ozocubu's Refrigeration  Ice            0%         4d7       100%        7


Dungeon Overview and Level Annotations

Branches:
Dungeon (5/15)             Temple (1/1) D:5

Altars:
Cheibriados
Fedhas
Gozag
Hepliaklqana
Makhleb
Nemelex Xobeh
Okawaru
Qazlal
Sif Muna
Trog
Vehumet
Wu Jian
Zin


Innate Abilities, Weirdness & Mutations

You cannot be hasted, slowed, berserked, paralysed or teleported.
You can dig through walls and to a lower floor.
You have a pair of large antennae on your head. (SInv)
Your four strong arms can wield two-handed weapons with a shield.
You have large cloven feet.


Message History

The gnoll bouda barks out a call to the hunt!
The gnoll picks up the pace!
You hit the gnoll.
You kill the gnoll!
Okawaru accepts your kill.
The gnoll bouda gazes fiercely through you!
You feel your attacks grow feeble.
Things that are here:
a +0 whip; a gnoll corpse You hit the gnoll bouda.
The gnoll bouda is moderately wounded.
The gnoll bouda barks out a call to the hunt!
The gnoll picks up the pace!
You closely miss the gnoll bouda.
The gnoll bouda is moderately wounded.
You block the gnoll's attack.
The gnoll bouda hits you with a +0 whip.
You hit the gnoll bouda. Your kick misses the gnoll bouda.
The gnoll bouda is moderately wounded.
The gnoll hits you but does no damage.
The gnoll bouda hits you with a +0 whip!
The gnoll hits you but does no damage.
The gnoll bouda hits you but does no damage.
You hit the gnoll bouda.
You kick the gnoll bouda, but do no damage.
The gnoll bouda is heavily wounded.
The gnoll hits you but does no damage. The gnoll bouda barely misses you.
You barely miss the gnoll bouda. Your kick misses the gnoll bouda.
The gnoll bouda is heavily wounded.
Your attacks no longer feel as feeble.
The gnoll hits you but does no damage.
The gnoll bouda hits you with a +0 whip!
* * * LOW HITPOINT WARNING * * *
You hit the gnoll bouda but do no damage.
Your kick misses the gnoll bouda.
The gnoll bouda is heavily wounded.
The gnoll hits you from afar with a +0 spear.
* * * LOW HITPOINT WARNING * * *
The gnoll bouda hits you with a +0 whip!
You die...

##.....#.........###..######
#.
.......#########.........(...
#.
##..##########..............#
#.
...............##..##....####
#. ##..#############..#####.#
#. #...# #...## #.# #. ##...#
##.#..# #.# #. #.#.# #..##.#
#.# #. #.#... #@###.###.## #.
{ #.##### #g# #..##..# #. {
#.# #####g# ##.###.# #. #.#
#.....# #.###.# #. ..#.#####
#.##### #.....######.
).......####.#
#######.........
........)....#
##........#######
........g##### #..######.##
........## #### #..#


You could see a gnoll bouda and a gnoll (swift).

Vanquished Creatures
  Eustachio (D:5)
  A scorpion (D:4)
  A howler monkey (D:5)
  An orc priest (D:3)
  An iguana (D:2)
  3 gnolls
  5 adders
  2 worms
  3 dart slugs
  9 orcs
  3 endoplasms
  6 giant cockroaches
  8 goblins
  11 hobgoblins
  6 kobolds
  A quokka (D:4)
  8 ball pythons
  5 bats
  A frilled lizard (D:1)
  3 rats
79 creatures vanquished.

Notes
Turn   | Place    | Note
-------+----------+-------------------------------------------
     0 | D:1      | fantasyman the Formicid Fighter began the quest for the
                  | Orb.
     0 | D:1      | Reached XP level 1. HP: 18/18 MP: 1/1
     2 | D:1      | Noticed a ghoul
     2 | D:1      | Noticed a merfolk
     4 | D:1      | Noticed a spriggan
     4 | D:1      | Noticed a draconian
     6 | D:1      | Noticed a gargoyle
     6 | D:1      | Noticed a human
     8 | D:1      | Noticed a felid
     8 | D:1      | Noticed a meteoran
    10 | D:1      | Noticed an ogre
    10 | D:1      | Noticed an elf
    12 | D:1      | Noticed a tengu
    12 | D:1      | Noticed a formicid
    14 | D:1      | Noticed a demigod
    14 | D:1      | Noticed a minotaur
    16 | D:1      | Noticed an octopode
    16 | D:1      | Noticed a naga
    18 | D:1      | Noticed a demonspawn
    20 | D:1      | Noticed a vine stalker
    22 | D:1      | Noticed a vampire
    24 | D:1      | Noticed a vampire
    24 | D:1      | Noticed a palentonga
    26 | D:1      | Noticed a draconian
    26 | D:1      | Noticed a draconian
   150 | D:1      | Found a faded altar of an unknown god.
   325 | D:1      | Reached XP level 2. HP: 24/24 MP: 2/2
   464 | D:1      | Reached XP level 3. HP: 15/29 MP: 3/3
   993 | D:2      | Reached XP level 4. HP: 15/36 MP: 4/4
  1575 | D:2      | Reached XP level 5. HP: 38/42 MP: 5/5
  2744 | D:3      | Found the +14 obsidian axe {vorpal, Mesm Drain Fly SInv}
  2910 | D:3      | Gained mutation: Your body sometimes deteriorates upon
                  | taking damage. [potion of mutation]
  2910 | D:3      | Gained mutation: You are agile. (Dex +4, Str/Int -1)
                  | [potion of mutation]
  3751 | D:4      | Reached XP level 6. HP: 37/48 MP: 6/6
  3901 | D:4      | Reached skill level 5 in Armour
  4013 | D:4      | Reached skill level 5 in Shields
  4130 | D:4      | Found an opulent altar of Gozag.
  4357 | D:5      | Entered Level 5 of the Dungeon
  4358 | D:5      | Noticed Eustachio
  4652 | D:5      | Killed Eustachio
  4653 | D:5      | Reached XP level 7. HP: 44/54 MP: 7/7
  4842 | D:5      | Lost mutation: Your body sometimes deteriorates upon taking
                  | damage. [potion of mutation]
  4842 | D:5      | Lost mutation: You are agile. (Dex +4, Str/Int -1) [potion
                  | of mutation]
  4842 | D:5      | Gained mutation: You are clumsy. (Dex -2) [potion of
                  | mutation]
  4842 | D:5      | Lost mutation: You are clumsy. (Dex -2) [potion of
                  | mutation]
  4842 | D:5      | Gained mutation: You have large cloven feet. [potion of
                  | mutation]
  5055 | D:5      | Found a staircase to the Ecumenical Temple.
  5065 | Temple   | Entered the Ecumenical Temple
  5076 | Temple   | Became a worshipper of Warmaster Okawaru
  5176 | D:5      | Slain by a gnoll bouda

Illustrated notes

Levels and vault maps discovered:
D:1:      kb_arrival_jail, layout_rooms, chequers_ecumenical_altar_island,
          serial_corexii_hall, corexii_hall_statues_s, corexii_hall_statues_u,
          kennysheep_crisscross
D:2:      layout_loops_cross, minmay_parallelograms, grunt_decor_cap,
          minmay_octomino_c4
D:3:      layout_basic
D:4:      layout_rooms, grunt_gozag_statues, minmay_liquid_box,
          minmay_crystal_water
D:5:      layout_rooms, temple_hall, gup_sewer_entry_bubbles, dk_vineyard_1,
          grunt_decor_one_mirror, uniq_eustachio
Temple:   lightli_temple_of_artemis

Skill      XL: |  1  2  3  4  5  6 |
---------------+-------------------+-----
Armour         | 4 5 |  5.7
Long Blades    | 3 4 |  4.5
Shields        | 5 |  5.4
Fighting       | 4 |  4.1
Invocations    | |  0.3

Action                   |  1- 3 |  4- 6 |  7- 9 || total
-------------------------+-------+-------+-------++-------
Melee: Long sword        |    76 |   218 |    26 ||   320
       Kick              |       |       |     8 ||     8
 Abil: Dig               |     1 |       |       ||     1
  Use: Scroll            |     1 |       |       ||     1
       Potion            |       |     7 |     1 ||     8
Armor: Scale mail        |    34 |   137 |    15 ||   186
Dodge: Dodged            |    40 |   140 |    10 ||   190
Block: Buckler           |    18 |    85 |     4 ||   107
